 Dungeon Crawl Stone Soup version 0.30-a0-972-gf3ab3527aa (webtiles) character file.

Game seed: 2292967610410764725

259 pokeman the Magician (level 5, -2/29 HPs)
             Began as a Deep Elf Hedge Wizard on Mar 31, 2023.
             Was an Initiate of Vehumet.
             Slain by an ice beast (14 damage)
             ... on level 5 of the Dungeon.
             The game lasted 00:06:22 (4820 turns).

pokeman the Magician (Deep Elf Hedge Wizard)        Turns: 4820, Time: 00:06:22

Health: -2/29      AC:  2    Str:  7    XL:     5   Next: 94%
Magic:  13/16      EV: 13    Int: 21    God:    Vehumet [......]
Gold:   243        SH:  0    Dex: 14    Spells: 9/17 levels left

rFire   . . .      SeeInvis .    e - +0 spear (venom)
rCold   . . .      Faith    .    (no shield)
rNeg    . . .      Spirit   .    b - +0 robe
rPois   .          Reflect  .    c - +0 hat
rElec   .          Rampage  .    (no cloak)
rCorr   .                        (no gloves)
Will    .....                    (no boots)
Stlth   ++                       n - amulet of regeneration
HPRegen 1.04/turn                (no ring)
MPRegen 0.15/turn                (no ring)

@: no status effects
A: no striking features
a: Renounce Religion


You were on level 5 of the Dungeon.
You worshipped Vehumet.
Vehumet was noncommittal.
You visited 2 branches of the dungeon, and saw 6 of its levels.

You collected 243 gold pieces.

Inventory:

Hand Weapons
 e - a +0 spear of venom (weapon)
Armour
 b - a +0 robe (worn)
 c - a +0 hat (worn)
Jewellery
 n - an amulet of regeneration (around neck)
Wands
 t - a wand of iceblast (7)
Scrolls
 g - a scroll of immolation {unknown}
 h - a scroll of vulnerability {unknown}
 i - 5 scrolls of teleportation {unknown}
 l - a scroll of enchant armour {unknown}
 m - a scroll of identify {unknown}
 o - a scroll of fear {unknown}
 r - a scroll of brand weapon {unknown}
 s - a scroll of magic mapping {unknown}
Potions
 a - 2 potions of brilliance {unknown}
 d - a potion of magic
 f - a potion of lignification {unknown}
 j - 2 potions of haste {unknown}
 k - a potion of berserk rage {unknown}
 p - a potion of invisibility {unknown}
 q - 2 potions of degeneration {unknown}


   Skills:
 - Level 1.0 Fighting
 - Level 1.0 Armour
 - Level 3.2 Dodging
 - Level 3.3 Stealth
 * Level 6.6 Spellcasting
 + Level 2.9 Conjurations
 - Level 1.1 Summonings
 - Level 1.1 Translocations
 + Level 0.8 Air Magic
 - Level 1.0 Poison Magic
 + Level 0.1 Evocations


You had 9 spell levels left.
You knew the following spells:

 Your Spells              Type           Power      Damage    Failure   Level
a - Magic Dart            Conj           76%        1d6       2%          1
b - Mephitic Cloud        Conj/Pois/Air  13%        N/A       14%         3
c - Call Imp              Summ           11%        N/A       9%          2
d - Blink                 Tloc           22%        N/A       9%          2

Your spell library contained the following spells:

 Spells                   Type           Power      Damage    Failure   Level
 Slow                     Hex            24%        N/A       10%         1
 Cigotuvi's Dreadful Rot  Necr/Pois/Air  18%        N/A       11%         2
 Summon Ice Beast         Ice/Summ       9%         N/A       58%         4
 Summon Mana Viper        Hex/Summ       9%         N/A       90%         5
 Monstrous Menagerie      Summ           5%         N/A       100%        7


Dungeon Overview and Level Annotations

Branches:
Dungeon (5/15)             Temple (1/1) D:4

Altars:
Dithmenos
Hepliaklqana
Okawaru
Vehumet
Wu Jian
Zin

Annotations:
D:5 1 transporter, NotreDorf's ghost, amateur DECj


Message History

Reach: e) +0 spear (venom)
Press: ? - help, Dir - move target, f/p - ice beast
Aim: an ice beast (ally target, about 40% to evade your +0 spear of venom)
You barely miss the ice beast. The ice beast hits you.
The ice beast freezes you!
Your crimson imp closely misses the ice beast.
Unknown command.
Reach: e) +0 spear (venom)
Press: ? - help, Dir - move target, f/p - ice beast
Aim: an ice beast (ally target, about 40% to evade your +0 spear of venom)
You hit the ice beast but do no damage. The ice beast barely misses you.
Your crimson imp hits the ice beast but does no damage.
Unknown command.
Reach: e) +0 spear (venom)
Press: ? - help, Dir - move target, f/p - ice beast
Aim: an ice beast (ally target, about 40% to evade your +0 spear of venom)
You hit the ice beast but do no damage.
The ice beast hits you but does no damage.
Your crimson imp blinks!
Your magical contamination has completely faded away.
Reach: e) +0 spear (venom)
Press: ? - help, Dir - move target, f/p - ice beast
Aim: an ice beast (ally target, about 40% to evade your +0 spear of venom)
You closely miss the ice beast.
The ice beast hits you but does no damage.
Unknown command.
Reach: e) +0 spear (venom)
Press: ? - help, Dir - move target, f/p - ice beast
Aim: an ice beast (ally target, about 40% to evade your +0 spear of venom)
You hit the ice beast.
The ice beast is lightly wounded.
The ice beast hits you. The ice beast freezes you!
Unknown command.
Reach: e) +0 spear (venom)
Press: ? - help, Dir - move target, f/p - ice beast
Aim: an ice beast (lightly wounded, ally target, about 40% to evade your +0 spear of venom)
You hit the ice beast.
The ice beast is poisoned.
The ice beast is lightly wounded.
The ice beast misses you. The ice beast hits you. The ice beast freezes you!
You die...

#..# #..# .. ### #..##
#.### .. #...##
#..#### .# #....##
#.....## #.##
...#..####.....##...#
...##...........#...##
######!.......5.Y....#
## ###........@....#
.# ###...........# .#
#.............. ##
#......########. #
#.....#.# #..#####.#
#.## #.. .# ##..


You could see an ice beast (very poisoned, ally target) and a friendly crimson
imp (summoned).

Vanquished Creatures
  A phantom (D:4)
  An orc priest (D:3)
  An iguana (D:4)
  Ijyb (D:4)
  3 adders
  A dart slug (D:3)
  7 orcs (D:3)
  5 endoplasms
  2 giant cockroaches
  9 goblins
  9 hobgoblins
  2 jackals (D:1)
  A quokka (D:3)
  6 ball pythons
  5 bats
  3 frilled lizards
  6 kobolds
  A rat (D:2)
64 creatures vanquished.

Notes
Turn   | Place    | Note
-------+----------+-------------------------------------------
     0 | D:1      | pokeman the Deep Elf Hedge Wizard began the quest for the
                  | Orb.
     0 | D:1      | Reached XP level 1. HP: 10/10 MP: 7/7
   331 | D:1      | Reached XP level 2. HP: 15/15 MP: 0/9
  1187 | D:2      | Found a hazy altar of Hepliaklqana.
  1218 | D:2      | Reached skill level 5 in Spellcasting
  1329 | D:2      | Reached XP level 3. HP: 20/20 MP: 6/11
  1333 | D:2      | Learned a level 3 spell: Mephitic Cloud
  1336 | D:2      | Learned a level 2 spell: Call Imp
  1339 | D:2      | Learned a level 2 spell: Blink
  2094 | D:2      | Reached skill level 1 in Armour
  2270 | D:3      | Reached skill level 1 in Fighting
  2943 | D:3      | Reached XP level 4. HP: 23/25 MP: 7/13
  3109 | D:3      | Found a shadowy altar of Dithmenos.
  3130 | D:3      | Found an ornate altar of the Wu Jian Council.
  3445 | D:4      | Found a staircase to the Ecumenical Temple.
  3452 | Temple   | Entered the Ecumenical Temple
  3529 | Temple   | Became a worshipper of Vehumet
  3672 | D:4      | Noticed a phantom
  3695 | D:4      | Killed a phantom
  3696 | D:4      | Reached skill level 6 in Spellcasting
  3696 | D:4      | Reached XP level 5. HP: 16/29 MP: 0/15
  4211 | D:4      | Found a hazy altar of Hepliaklqana.
  4283 | D:4      | Noticed Ijyb
  4295 | D:4      | Killed Ijyb
  4435 | D:4      | Reached skill level 1 in Poison Magic
  4689 | D:5      | Entered Level 5 of the Dungeon
  4794 | D:5      | Found a transporter.
  4796 | D:5      | Noticed NotreDorf's ghost (amateur DECj)
  4808 | D:5      | Noticed an ice beast
  4820 | D:5      | Slain by an ice beast

Illustrated notes

Levels and vault maps discovered:
D:1:      minmay_arrival_arboretum_small, layout_basic, minmay_misc_feat_five,
          chequers_serial_rivers_large_a
D:2:      layout_basic, basic_altar, feat_on_display
D:3:      layout_loops_cross, mainiacjoe_overflow_large_starburst,
          minmay_crystal_room, chequers_serial_rivers_large_b,
          nicolae_underground_beach
D:4:      layout_basic, nicolae_hepliaklqana_hippocampus, temple_green,
          serial_co_window_serial, co_window_of_opportunity_a,
          co_window_corner_a, co_window_corner_a, co_window_paths_a,
          co_window_paths_a, co_window_paths_b, co_window_paths_a,
          co_window_broadway_b, co_window_of_opportunity_b,
          co_window_of_opportunity_b, co_window_broadway_b,
          co_window_broadway_b, co_window_2corner, uniq_ijyb
D:5:      layout_layer_cave, elyvilon_altar_4, cheibriados_altar_2,
          portal_sewer_entry_e, gammafunk_ghost_mausoleum
Temple:   nicolae_temple_figure_eight

Skill      XL: |  1  2  3  4  5 |
---------------+----------------+-----
Spellcasting   | 5 6 |  6.6
Armour         | 1 |  1.0
Fighting       | 1 |  1.0
Conjurations   | 2 |  2.9
Dodging        | 3 |  3.2
Stealth        | 3 |  3.3
Poison Magic   | 1 |  1.0
Summonings     | |  1.1
Translocations | |  1.1
Air Magic      | |  0.8
Evocations     | |  0.1

Action                     |  1- 3 |  4- 6 || total
---------------------------+-------+-------++-------
  Melee: Spear             |    12 |    43 ||    55
         Punch             |     1 |       ||     1
   Cast: Magic Dart        |   127 |    44 ||   171
         Mephitic Cloud    |       |     3 ||     3
         Call Imp          |       |     1 ||     1
   Stab: Sleeping          |     1 |     2 ||     3
         Confused          |       |     2 ||     2
 Armour: Robe              |     5 |     9 ||    14
  Dodge: Dodged            |    22 |    20 ||    42

Table legend: (Time is in decaauts)
 A = Elapsed time spent in this place.
 B = Non-inter-level travel time spent in this place.
 C = Inter-level travel time spent in this place.
 D = Time resting spent in this place.
 E = Time spent auto-exploring this place.
 F = Levels seen in this place.
 G = Mean time per level.
                   A        B        C        D        E       F      G
               +--------+--------+--------+--------+--------+-----+--------+
         Total |   4855 |   4707 |    148 |      0 |   4225 |   6 |  809.2 |
       Dungeon |   4766 |   4627 |    139 |      0 |   4153 |   5 |  953.2 |
        Temple |     88 |     79 |      9 |      0 |     72 |   1 |   88.0 |
               +--------+--------+--------+--------+--------+-----+--------+

Top non-repeatable levels by time:
     D:3: 1220 daAuts
     D:4: 1183 daAuts
     D:1: 1181 daAuts
     D:2: 1048 daAuts
     D:5: 131 daAuts
  Temple: 88 daAuts
